 Dungeon Crawl Stone Soup version 0.31-a0-1074-g0b22e4e0f1 (webtiles) character file.

Game seed: 1459282126421587091

141 BigPumpCobain the Shield-Bearer (level 5, 0/53 HPs)
             Began as a Troll Fighter on Dec 8, 2023.
             Slain by Edmund
             ... wielding a +3 heavy flail
              (11 damage)
             ... on level 4 of the Dungeon.
             The game lasted 00:03:49 (2290 turns).

BigPumpCobain the Shield-Bearer (Troll Fighter)     Turns: 2290, Time: 00:03:49

Health: 0/53       AC:  4    Str: 32    XL:     5   Next: 3%
Magic:  4/4        EV:  9    Int:  4    God:
Gold:   157        SH:  7    Dex:  9    Spells: 4/4 levels left

rFire   . . .        a - +0 flail
rCold   + . .        c - +0 kite shield
rNeg    . . .        b - +0 robe
rPois   .            (helmet restricted)
rElec   .            (no cloak)
rCorr   .            (gloves unavailable)
SInv    .            (boots unavailable)
Will    .....        (no amulet)
Stlth   +            s - +6 ring of strength
HPRegen 1.08/turn    v - ring of protection from cold
MPRegen 0.09/turn

%: no passive effects
@: no status effects
A: large, unfitting armour, claws 3, regeneration 1, shaggy fur 1, tough skin 1
a: no special abilities


You were on level 4 of the Dungeon.
You visited 1 branch of the dungeon, and saw 4 of its levels.

You collected 157 gold pieces.

Inventory:

Hand Weapons
 a - a +0 flail (weapon)
 n - a +2 dagger of speed
Missiles
 f - 20 poisoned darts
 l - 3 curare-tipped darts
Armour
 b - a +0 robe (worn)
 c - a +0 kite shield (worn)
Jewellery
 s - a +6 ring of strength (left claw)
 v - a ring of protection from cold (right claw)
Wands
 u - a wand of flame (23)
Scrolls
 e - a scroll of torment {unknown}
 h - 2 scrolls of teleportation
 j - a scroll of revelation
 k - a scroll of fear
 q - a scroll of vulnerability {unknown}
 r - 2 scrolls of enchant armour {unknown}
 t - a scroll of noise {unknown}
Potions
 d - a potion of might
 g - a potion of berserk rage {unknown}
 i - 4 potions of curing {unknown}
 m - a potion of brilliance {unknown}
 o - a potion of lignification {unknown}
 p - 2 potions of enlightenment {unknown}


   Skills:
 + Level 3.0 Fighting
 * Level 3.3 Maces & Flails
 + Level 1.5 Armour
 - Level 2.4 Dodging
 + Level 3.3 Shields


You had 4 spell levels left.
You didn't know any spells.
Your spell library contained the following spells:

 Spells                   Type           Power      Damage    Failure   Level
 Kiss of Death            Conj/Necr      0%         2d5       71%         1
 Ensorcelled Hibernation  Hex/Ice        0%         N/A       83%         2
 Passwall                 Tmut/Erth      0%         N/A       83%         2
 Confusing Touch          Hex            0%         N/A       97%         3
 Inner Flame              Hex/Fire       0%         N/A       97%         3
 Swiftness                Air            0%         N/A       97%         3
 Dispel Undead            Necr           0%         3d6       100%        4
 Yara's Violent Unravell  Hex/Tmut       0%         3d3       100%        5
 Enfeeble                 Hex            0%         N/A       100%        7


Dungeon Overview and Level Annotations

Branches:
Dungeon (4/15)
 Temple: D:4-7

Altars:

Annotations:
D:4 1 runed translucent door, Crazy Yiuf, Edmund


Innate Abilities, Weirdness & Mutations

You are too large for most types of armour.
You have claws for hands.
Your natural rate of healing is unusually fast.
You are covered in fur. (AC +1)
You have tough skin. (AC +1)


Message History

You block the hobgoblin's attack.
You sock Edmund!
Edmund is lightly wounded.
Edmund hits you with a +3 heavy flail!
* * * LOW HITPOINT WARNING * * *
The orc barely misses you. The hobgoblin barely misses you.
You are too injured to fight recklessly!
You are too injured to fight recklessly!
You are too injured to fight recklessly!
You are too injured to fight recklessly!
You are too injured to fight recklessly!
You are too injured to fight recklessly!
You are too injured to fight recklessly!
You are too injured to fight recklessly!
You are too injured to fight recklessly!
You are too injured to fight recklessly!
You are too injured to fight recklessly!
You are too injured to fight recklessly!
You are too injured to fight recklessly!
You are too injured to fight recklessly!
You are too injured to fight recklessly!
You are too injured to fight recklessly!
You are too injured to fight recklessly!
You are too injured to fight recklessly!
You barely miss Edmund.
Edmund is lightly wounded.
The orc barely misses you. The hobgoblin barely misses you.
You block Edmund's attack.
You barely miss Edmund.
Edmund is lightly wounded.
You block the orc's attack. The hobgoblin barely misses you.
Edmund hits you with a +3 heavy flail!
* * * LOW HITPOINT WARNING * * *
The hobgoblin barely misses you. The orc hits you but does no damage.
You hit Edmund.
Edmund is moderately wounded.
The orc completely misses you. The hobgoblin barely misses you.
Edmund hits you with a +3 heavy flail!
You die...
Edmund says, "That'll show my brother!"

#....................#
#..########..........#
#.## #≈≈≈~~.........#
## #≈≈≈~~≈≈~.#######
≈≈≈≈≈.~≈≈~~#
##≈≈≈≈≈~≈≈~#
#####.≈~~.#
#.~~~~.######
#.~≈~~..@g..#
#.~~~~~#@o..#
...~~~≈.[......#
#..≈~.~.#.#..#.#
#..~~........# ..
##.≈~≈..#.#...# .
#~~.~~.... .>..
#.~.~....# ####


You could see Edmund, an orc and a hobgoblin.

Vanquished Creatures
  An orc wizard (D:3)
  4 adders
  A worm (D:2)
  3 dart slugs
  4 orcs (D:3)
  5 endoplasms
  2 giant cockroaches
  7 goblins
  10 hobgoblins
  4 jackals (D:3)
  3 quokkas
  5 ball pythons
  4 bats
  A frilled lizard (D:1)
  4 kobolds
  5 rats
63 creatures vanquished.

Notes
Turn   | Place    | Note
-------+----------+-------------------------------------------
     0 | D:1      | BigPumpCobain the Troll Fighter began the quest for the
                  | Orb.
     0 | D:1      | Reached XP level 1. HP: 22/22 MP: 0/0
   117 | D:1      | Reached XP level 2. HP: 16/29 MP: 1/1
   619 | D:2      | Reached XP level 3. HP: 34/36 MP: 2/2
   709 | D:2      | Reached skill level 1 in Armour
  1489 | D:3      | Reached XP level 4. HP: 43/44 MP: 3/3
  1809 | D:3      | Identified the +3 ring mail "Muith" {Rampage}
  2234 | D:4      | Reached XP level 5. HP: 50/53 MP: 4/4
  2250 | D:4      | Found a runed translucent door.
  2251 | D:4      | Noticed Crazy Yiuf
  2282 | D:4      | Noticed Edmund
  2290 | D:4      | Slain by Edmund

Illustrated notes

Levels and vault maps discovered:
D:1:      erik_arrival_blinker_ship, layout_loops_ring
D:2:      layout_loops_ring
D:3:      kennysheep_big_flooded_room, layout_loops_ring
D:4:      layout_basic, elyvilon_altar_4, serial_rivers,
          chequers_serial_rivers_large_a, chequers_serial_rivers_micro_d,
          chequers_serial_rivers_marsh, chequers_serial_rivers_room_a,
          chequers_serial_rivers_room_a, serial_shops, shop, uniq_edmund,
          uniq_sigmund, uniq_crazy_yiuf_cottage, uniq_grinder,
          uniq_blork_the_orc

Skill      XL: |  1  2  3  4 |
---------------+-------------+-----
Maces & Flails | 2 3 |  3.3
Shields        | 3 |  3.3
Armour         | 1 |  1.5
Fighting       | 3 |  3.0
Dodging        | |  2.4

Action                     |  1- 3 |  4- 6 || total
---------------------------+-------+-------++-------
  Melee: Flail             |   135 |   107 ||   242
    Use: Scroll            |     3 |       ||     3
 Armour: Robe              |    89 |   110 ||   199
  Dodge: Dodged            |    52 |    79 ||   131
  Block: Kite shield       |    56 |    60 ||   116

Table legend: (Time is in decaauts)
 A = Elapsed time spent in this place.
 B = Non-inter-level travel time spent in this place.
 C = Inter-level travel time spent in this place.
 D = Time resting spent in this place.
 E = Time spent auto-exploring this place.
 F = Levels seen in this place.
 G = Mean time per level.
                   A        B        C        D        E       F      G
               +--------+--------+--------+--------+--------+-----+--------+
         Total |   2379 |   2247 |    132 |      0 |   1673 |   4 |  594.8 |
       Dungeon |   2379 |   2247 |    132 |      0 |   1673 |   4 |  594.8 |
               +--------+--------+--------+--------+--------+-----+--------+

Top non-repeatable levels by time:
     D:3: 901 daAuts
     D:2: 785 daAuts
     D:1: 618 daAuts
     D:4: 73 daAuts
